 Dungeon Crawl Stone Soup version 0.26-a0-812-g31a745ddcd (webtiles) character file.

Game seed: 3050261536817967259

168 raph the Conjurer (level 5, -1/34 HPs)
             Began as a Draconian Conjurer on Nov 25, 2020.
             Was an Initiate of Hepliaklqana.
             Slain by a spectral weapon
             ... wielding a +5 spectral club
             ... summoned by Ijyb
              (6 damage)
             ... on level 3 of the Dungeon.
             The game lasted 00:05:59 (3200 turns).

raph the Conjurer (Draconian Conjurer)              Turns: 3200, Time: 00:05:59

Health: -1/34      AC:  6    Str:  9    XL:     5   Next: 23%
Magic:  8/8        EV: 12    Int: 19    God:    Hepliaklqana [......]
Gold:   265        SH:  0    Dex: 10    Spells: 2/8 levels left

rFire    . . .     SeeInvis .   r - +1 dagger (elec)
rCold    . . .     Faith    .   (no shield)
rNeg     . . .     Spirit   .   (armour unavailable)
rPois    .         Reflect  .   (helmet restricted)
rElec    .         Harm     .   (no cloak)
rCorr    .         Rampage  .   j - +0 pair of gloves
MR       .....                  (no boots)
Stlth    ++........             (no amulet)
HPRegen  0.11/turn              (no ring)
MPRegen  0.11/turn              (no ring)

@: no status effects
A: unfitting armour, reduced essence, cold-blooded, AC +5
a: Recall Ancestor, Ancestor Identity, Renounce Religion


You were on level 3 of the Dungeon.
You worshipped Hepliaklqana.
Hepliaklqana was noncommittal.
You visited 1 branch of the dungeon, and saw 4 of its levels.

You collected 265 gold pieces.

Inventory:

Hand Weapons
 d - a +0 dagger
 r - a +1 dagger of electrocution (weapon)
Missiles
 a - 22 poisoned darts
 q - 5 curare-tipped darts (quivered)
Armour
 j - a +0 pair of gloves (worn)
Scrolls
 b - a scroll of amnesia {unknown}
 e - 3 scrolls of teleportation {unknown}
 f - 4 scrolls of identify {unknown}
 h - a scroll of immolation {unknown}
 i - 2 scrolls of remove curse {unknown}
 k - a scroll of blinking {unknown}
 s - 3 scrolls of enchant weapon {unknown}
Potions
 c - 2 potions of might {unknown}
 g - 2 potions of curing {unknown}
 l - a potion of flight {unknown}
 m - a potion of ambrosia {unknown}
 n - a potion of attraction {unknown}
 o - a potion of haste
 p - a potion of mutation {unknown}
 t - a potion of resistance {unknown}


   Skills:
 - Level 2.1 Dodging
 - Level 2.1 Stealth
 - Level 2.2 Spellcasting
 * Level 5.7 Conjurations
 * Level 1.8 Hexes


You had 2 spell levels left.
You knew the following spells:

 Your Spells              Type           Power        Failure   Level
a - Magic Dart            Conj           ###.         1%          1
b - Searing Ray           Conj           ###...       2%          2
c - Dazzling Flash        Conj/Hex       ###...       11%         3

Your spell library contained the following spells:

 Spells                   Type           Power        Failure   Level
 Fulminant Prism          Conj/Hex       ###.......   34%         4
 Iskenderun's Mystic Bla  Conj/Tloc      ##......     45%         4


Dungeon Overview and Level Annotations

Branches:
Dungeon (4/15)
 Temple: D:4-7

Altars:
Hepliaklqana

Annotations:
D:2 1 exclusion, Sigmund
D:3 Ijyb


Innate Abilities, Weirdness & Mutations

Your plain brown scales are hard. (AC +5)
You cannot fit into any form of body armour.
You are cold-blooded and may be slowed by cold attacks.
Your life essence is reduced to manifest your ancestor. (-10% HP)


Message History

* * * LOW HITPOINT WARNING * * *
Ijyb draws out her weapon's spirit!
Ijyb screams, "Me kill you!"
Ijyb zaps a wand.
You resist with some effort.
Ijyb zaps a wand.
Your will is overpowered!
You are confused.
You bump into the rock wall.
You bump into the rock wall.
Ijyb barely misses you.
You bump into the rock wall.
Ijyb closely misses you.
You feel less confused.
The spectral weapon fades away.
Ijyb draws out her weapon's spirit!
You hit the spectral weapon.
The spectral weapon is lightly damaged.
Ijyb misses you. The spectral weapon hits you.
* * * LOW HITPOINT WARNING * * *
Ijyb hits you but does no damage. The spectral weapon hits you.
You die...

# #.# ##......#
#.# #......# #.#
#.###### #.#
#.####### #.#
#.##....# #.#
#....##.# #.######
###......#
#.#.##.#
##....#####
###...##.###..#o@#
..##.###.......g(#
.....# #..#..###.#
...#.# #.##.## #.#
...#.###..o.# #<#
...#.#....### #.#
.........## ###
..##....##
..#....##


You could see Ijyb, a +5 spectral club (summoned) and an orc.

Vanquished Creatures
  Natasha (twice) (D:3)
  A gnoll (D:1)
  4 adders
  A worm (D:2)
  3 dart slugs
  4 bats
  3 giant cockroaches
  4 goblins
  5 hobgoblins
  6 jackals (D:2)
  5 frilled lizards
  4 kobolds
  4 rats
  A toadstool (D:3)
47 creatures vanquished.

Vanquished Creatures (collateral kills)
  2 adders (D:3)
  A bat (D:3)
  A kobold (D:3)
4 creatures vanquished.

Vanquished Creatures (others)
  An ancestor (D:4)
  A fungus (D:3)
  3 plants (D:3)
  4 toadstools (D:3)
9 creatures vanquished.

Grand Total: 60 creatures vanquished

Notes
Turn   | Place    | Note
-------+----------+-------------------------------------------
     0 | D:1      | raph the Draconian Conjurer began the quest for the Orb.
     0 | D:1      | Reached XP level 1. HP: 14/14 MP: 3/3
   282 | D:1      | Reached XP level 2. HP: 8/20 MP: 0/5
   470 | D:1      | Learned a level 2 spell: Searing Ray
  1175 | D:2      | Reached XP level 3. HP: 26/26 MP: 4/6
  1490 | D:2      | Found a faded altar of an unknown god.
  1753 | D:2      | Reached skill level 5 in Conjurations
  2068 | D:2      | Learned a level 3 spell: Dazzling Flash
  2190 | D:2      | Noticed Sigmund
  2231 | D:3      | Reached XP level 4. HP: 33/33 MP: 4/7
  2274 | D:3      | Found a hazy altar of Hepliaklqana.
  2279 | D:3      | Noticed Natasha
  2284 | D:3      | Killed Natasha
  2336 | D:3      | Reached skill level 1 in Hexes
  2376 | D:3      | Became a worshipper of Hepliaklqana the Forgotten
  2582 | D:3      | Noticed Natasha
  2586 | D:3      | Killed Natasha
  2648 | D:3      | Reached XP level 5. HP: 26/34 MP: 5/8
  3157 | D:4      | Noticed Ijyb
  3200 | D:3      | Slain by a spectral weapon

Illustrated notes

Levels and vault maps discovered:
D:1:      wheals_arrival_shading, layout_loops_ring, minmay_unequal
D:2:      minmay_diamond_boxcup, layout_loops_corners,
          chequers_ecumenical_altar_simple_redux, uniq_sigmund
D:3:      layout_rooms, old_standard_altar, nicolae_overflow_hidden_temple,
          minmay_gold_behind_fungi, serial_bayou_ford_a, uniq_natasha
D:4:      cheibrodos_greedy_goblins, layout_loops_ring, tgw_trog,
          kennysheep_mini_moat, uniq_crazy_yiuf_cottage, uniq_ijyb,
          uniq_menkaure

Skill      XL: |  1  2  3  4 |
---------------+-------------+-----
Dodging        | 2 |  2.1
Stealth        | 2 |  2.1
Conjurations   | 5 |  5.7
Hexes          | 1 |  1.8
Spellcasting   | |  2.2

Action                   |  1- 3 |  4- 6 || total
-------------------------+-------+-------++-------
Melee: Unarmed           |    18 |       ||    18
       Dagger            |    17 |    10 ||    27
       Tailslap          |     2 |     3 ||     5
 Cast: Magic Dart        |    35 |     5 ||    40
       Searing Ray       |     8 |    13 ||    21
Armor: Skin              |     5 |     5 ||    10
Dodge: Dodged            |    34 |    11 ||    45

Table legend: (Time is in decaauts)
 A = Elapsed time spent in this place.
 B = Non-inter-level travel time spent in this place.
 C = Inter-level travel time spent in this place.
 D = Time resting spent in this place.
 E = Time spent auto-exploring this place.
 F = Levels seen in this place.
 G = Mean time per level.
                   A        B        C        D        E       F      G
               +--------+--------+--------+--------+--------+-----+--------+
         Total |   3206 |   3139 |     67 |   1269 |   1358 |   4 |  801.5 |
       Dungeon |   3206 |   3139 |     67 |   1269 |   1358 |   4 |  801.5 |
               +--------+--------+--------+--------+--------+-----+--------+

Top non-repeatable levels by time:
     D:2: 1256 daAuts
     D:1: 965 daAuts
     D:3: 960 daAuts
     D:4: 23 daAuts
